Map: Goldenaura LE

Players

SubN - Winner!

  • Race: Zerg Zerg
  • League: Diamond
  • Spawn Location: 5:00

eSpeC

  • Race: Terran Terran
  • League: Diamond
  • Spawn Location: 12:00

VOD

Have the link to the VOD?

Description

Time

  • Played on: Dec. 20, 2023, 9:48 p.m.
  • Length: 19:46
Show
View Real Time Build Order
Export as new Build Order

SubN Zerg - Winner!

Build Orders: Hatch First 

Get SALT Encoding   

  12  0:00  Drone  
  13  0:12  Overlord  
  13  0:16  Drone  
  14  0:30  Drone x2  
  16  0:50  Hatchery  
  16  0:52  Drone  
  16  0:54  Drone  
  17  0:58  Drone  
  17  1:02  Extractor  
  17  1:15  Spawning Pool  
  16  1:20  Drone  
  16  1:22  Drone  
  18  1:28  Drone  
  20  1:40  Drone  
  20  1:49  Overlord  
  20  2:02  Queen x2  
  20  2:07  Drone  
  25  2:12  Metabolic Boost  
  25  2:21  Drone x2  
  25  2:22  Drone  
  28  2:25  Drone  
  29  2:38  Queen  
  31  2:51  Drone x5  
  35  2:55  Overlord  
  34  3:15  Drone x8  
  42  3:25  Hatchery  
  41  3:34  Lair, Extractor  
  41  3:38  Zergling x2  
  41  3:39  Zergling x2  
  42  3:42  Drone x2  
  42  3:43  Overlord  
  44  4:01  Overlord  
  44  4:05  Drone x6, Extractor  
  49  4:19  Queen  
  49  4:21  Zergling x4  
  53  4:46  Zergling x2  
  53  4:47  Zergling x14, Roach Warren  
  51  5:30  Roach x5  
  51  5:34  Roach x2  
  58  5:38  Roach  
  52  6:07  Queen  
  52  6:08  Queen  
  58  6:25  Roach  
  58  6:26  Hatchery, Roach  
  59  6:40  Drone, Overlord x2  
  59  6:41  Overlord x2, Glial Reconstitution  
  60  7:01  Drone x2  
  60  7:02  Drone x2  
  60  7:03  Overseer  
  64  7:13  Drone  
  64  7:14  Drone x2  
  64  7:15  Drone, Extractor  
  67  7:21  Evolution Chamber  
  67  7:22  Evolution Chamber  
  65  7:24  Drone  
  65  7:28  Hydralisk Den  
  65  7:32  Drone x2  
  65  7:33  Drone  
  69  7:37  Drone  
  69  7:40  Drone x3  
  72  7:46  Queen  
  72  7:47  Overlord x3  
  72  7:50  Overseer  
  74  7:53  Queen x2  
  78  7:58  Muscular Augments  
  78  8:00  Zerg Ground Armor Level 1, Zerg Missile Weapons Level 1  
  78  8:02  Drone x8  
  86  8:07  Drone  
  87  8:19  Drone  
  88  8:21  Infestation Pit  
  88  8:24  Drone x5  
  88  8:25  Drone  
  93  8:28  Extractor  
  93  8:29  Extractor  
  91  8:35  Queen x2  
  91  8:40  Hatchery  
  94  8:42  Ravager x4  
  94  8:43  Ravager x2  
  94  8:48  Overlord x2  
  100  9:01  Drone x2  
  100  9:02  Drone x3, Grooved Spines  
  105  9:03  Drone  
  105  9:04  Hydralisk  
  105  9:05  Hydralisk x3  
  105  9:09  Drone x3  
  117  9:26  Hydralisk x5  
  127  9:34  Drone  
  127  9:37  Baneling Nest  
  127  9:40  Hive  
  127  10:04  Roach x4  
  135  10:11  Overlord  
  135  10:13  Overlord  
  135  10:14  Zergling x2  
  135  10:20  Overlord  
  135  10:21  Overlord x4  
  136  10:22  Overseer  
  136  10:43  Drone x5  
  136  10:44  Drone x6  
  136  10:45  Queen  
  136  10:46  Extractor  
  136  10:47  Extractor  
  136  10:48  Drone x3  
  150  10:52  Zerg Ground Armor Level 2, Zerg Missile Weapons Level 2  
  150  10:55  Hydralisk  
  150  10:56  Hydralisk x8  
  168  11:01  Drone  
  168  11:02  Drone x2  
  171  11:13  Zergling x2  
  171  11:14  Zergling x6  
  175  11:22  Hatchery, Extractor x2  
  172  11:27  Overlord  
  172  11:38  Zergling x8  
  176  11:43  Overlord x5  
  176  11:44  Overlord  
  176  11:59  Zergling x2  
  177  12:02  Zergling x20  
  187  12:12  Drone x3  
  143  12:53  Zergling x18  
  143  12:54  Zergling x36  
  166  13:03  Queen  
  158  13:07  Zergling x2  
  158  13:08  Zergling x10  
  157  13:13  Centrifugal Hooks  
  157  13:22  Baneling x5  
  157  13:23  Baneling x14  
  157  13:25  Viper x4  
  157  13:26  Viper  
  172  13:29  Overseer  
  172  13:30  Overseer  
  172  13:37  Drone x2  
  172  13:38  Drone x3  
  172  13:39  Drone  
  172  13:40  Drone x2  
  180  13:42  Zerg Missile Weapons Level 3  
  180  13:43  Adrenal Glands  
  180  13:46  Zerg Ground Armor Level 3  
  180  14:01  Zergling x4  
  180  14:02  Zergling x18  
  191  14:24  Drone x2  
  191  14:26  Pneumatized Carapace  
  152  14:49  Zergling x12  
  152  14:50  Zergling x32  
  152  14:51  Hydralisk x7  
  152  14:52  Hydralisk x6  
  195  15:07  Hatchery  
  195  15:11  Extractor  
  193  15:26  Hydralisk x3  
  199  15:33  Baneling  
  199  15:34  Baneling x19  
  199  15:44  Overseer  
  199  15:45  Overseer  
  196  16:24  Zerg Melee Weapons Level 1  
  152  16:43  Hydralisk  
  152  16:44  Hydralisk x7  
  152  16:47  Zergling x28  
  168  16:48  Zergling x14  
  175  16:56  Queen  
  169  17:06  Viper x3  
  168  17:10  Baneling  
  168  17:11  Baneling x27  
  168  17:12  Overlord x4, Baneling x10  
  168  17:13  Overlord  
  168  17:15  Overseer  
  168  17:16  Overseer  
  168  17:33  Zergling x2  
  168  17:34  Zergling x40  
  189  17:46  Zergling x22  
  147  18:38  Extractor  
  136  18:56  Hatchery  
  136  19:02  Hydralisk x6  
  129  19:03  Hydralisk x8  
  129  19:04  Hydralisk  
  129  19:06  Zergling x8  
  129  19:07  Zergling x60  
  129  19:08  Zergling x14  
  198  19:15  Hatchery  
  197  19:27  Baneling  
  197  19:28  Baneling x28  
Show
View Real Time Build Order
Export as new Build Order

eSpeC Terran 

Build Orders: Reaper Expand 

Get SALT Encoding   

  12  0:03  SCV  
  13  0:17  SCV  
  14  0:32  Supply Depot  
  14  0:33  SCV  
  15  0:50  Refinery  
  15  0:54  SCV  
  15  0:55  Barracks  
  16  1:06  SCV  
  17  1:18  SCV  
  18  1:32  SCV  
  19  1:44  Reaper  
  19  1:45  SCV  
  19  1:46  Command Center  
  21  1:51  Supply Depot  
  21  1:54  Refinery  
  21  2:03  SCV  
  22  2:15  SCV  
  23  2:16  Barracks Reactor  
  23  2:25  Factory  
  23  2:28  SCV  
  24  2:51  SCV  
  25  3:03  Barracks Tech Lab  
  25  3:18  Starport  
  25  3:24  Marauder  
  25  3:25  Hellion x2  
  31  3:27  SCV x2  
  31  3:28  Armory  
  33  3:36  Supply Depot  
  33  3:39  Concussive Shells  
  33  3:42  SCV  
  33  3:43  SCV  
  35  3:54  SCV  
  40  3:55  Hellion  
  40  3:56  Hellion  
  40  4:01  SCV  
  41  4:04  Medivac  
  43  4:29  Marauder, Command Center  
  45  4:31  SCV  
  46  4:42  Hellion x2  
  46  4:45  SCV  
  51  4:46  SCV  
  52  5:02  Marauder  
  54  5:10  Supply Depot  
  54  5:23  SCV  
  54  5:25  SCV  
  54  5:33  Hellion x4  
  52  5:35  SCV  
  52  5:37  SCV  
  48  5:48  SCV  
  48  5:49  SCV  
  49  6:00  SCV  
  43  6:11  SCV  
  43  6:12  SCV  
  43  6:14  Marine  
  49  6:21  Barracks  
  49  6:23  SCV  
  49  6:24  Liberator  
  49  6:26  Cyclone x2  
  49  6:28  SCV  
  49  6:30  SCV  
  53  6:34  Marine  
  53  6:35  SCV  
  55  7:12  Starport Reactor  
  55  7:29  Barracks Tech Lab  
  55  7:38  Barracks x2  
  55  7:39  Orbital Command x2, Engineering Bay  
  55  7:41  Engineering Bay  
  55  7:42  SCV  
  55  7:43  Refinery  
  55  7:44  Refinery, Siege Tank  
  56  7:45  Marine x2  
  61  7:54  Marine, SCV  
  63  7:59  Barracks  
  63  8:06  SCV  
  63  8:11  SCV x2  
  66  8:19  Stimpack  
  66  8:22  Barracks  
  66  8:23  Siege Tank  
  69  8:28  Barracks Tech Lab, Barracks Reactor  
  69  8:32  SCV  
  69  8:33  SCV  
  71  8:39  Command Center  
  71  8:42  Sensor Tower  
  71  8:56  Marine  
  71  8:57  Marine  
  71  8:58  Barracks Tech Lab  
  71  9:01  Terran Infantry Armor Level 1, Terran Infantry Weapons Level 1  
  73  9:06  Medivac x2  
  77  9:14  Missile Turret  
  77  9:17  Supply Depot  
  77  9:25  Barracks Reactor  
  77  9:30  Missile Turret  
  77  9:38  SCV x2  
  77  9:39  Viking x2  
  83  9:50  SCV x2, Siege Tank  
  83  9:51  Supply Depot  
  88  10:00  Marine x4  
  88  10:03  SCV  
  88  10:04  Marine x3  
  88  10:05  Marine, SCV  
  98  10:19  Marine x2  
  98  10:20  Marine  
  101  10:32  Combat Shield  
  101  10:39  Marauder x3  
  101  10:40  Marine  
  108  10:47  Marine  
  108  10:48  Medivac x2  
  108  10:49  Supply Depot  
  113  10:52  Supply Depot  
  113  11:00  Marauder  
  115  11:07  Command Center  
  115  11:13  Refinery  
  115  11:16  Siege Tank  
  118  11:24  Orbital Command  
  118  11:26  SCV x2  
  120  11:37  Terran Infantry Weapons Level 2  
  120  11:40  Terran Infantry Armor Level 2  
  120  11:46  Refinery  
  120  11:48  Siege Tank  
  123  11:55  Missile Turret  
  123  11:57  Command Center  
  123  12:04  Sensor Tower  
  123  12:11  Marauder x3  
  123  12:14  Ghost Academy  
  106  12:50  Marine  
  106  12:51  Marine x2  
  100  12:54  Orbital Command  
  93  13:08  Siege Tank  
  93  13:11  Marine x3  
  93  13:12  Marine  
  100  13:19  Marine  
  101  13:20  Marine x2  
  101  13:21  Liberator x2  
  109  13:27  SCV x2  
  109  13:28  Personal Cloaking  
  109  13:30  Command Center, Starport  
  109  13:34  Fusion Core  
  111  13:40  Siege Tank  
  114  13:42  SCV x3  
  114  13:43  Sensor Tower  
  117  13:52  Command Center  
  117  14:03  Missile Turret  
  117  14:06  Missile Turret  
  117  14:09  Starport Reactor  
  119  14:10  Liberator  
  119  14:11  Liberator  
  119  14:13  SCV x2  
  125  14:22  SCV  
  126  14:25  Missile Turret, SCV  
  126  14:30  Siege Tank  
  130  14:33  Barracks  
  106  14:48  Marine  
  106  14:49  SCV x2  
  109  15:02  Marine x2, Siege Tank  
  109  15:03  SCV x2  
  109  15:04  Orbital Command  
  109  15:05  Planetary Fortress  
  116  15:09  Viking  
  116  15:10  Viking x2  
  122  15:17  Refinery, SCV x2  
  122  15:18  Planetary Fortress  
  124  15:27  Advanced Ballistics  
  124  15:37  Barracks Tech Lab  
  124  15:38  Factory  
  124  15:45  Missile Turret, Refinery  
  124  15:46  Refinery  
  124  15:48  Missile Turret  
  124  15:49  Missile Turret  
  124  15:50  Supply Depot  
  124  15:53  Siege Tank  
  127  15:57  Missile Turret  
  127  16:00  Supply Depot  
  127  16:07  Viking x2  
  131  16:13  Missile Turret x2  
  131  16:18  Marine x3  
  126  16:19  Marine  
  126  16:25  Siege Tank  
  107  16:33  Marine x6  
  67  16:55  SCV x4  
  67  17:00  Orbital Command  
  71  17:06  Marine  
  71  17:07  Marine x4  
  72  17:27  Marine  
  72  17:28  Marauder  
  72  17:29  Marauder x3, Siege Tank  
  84  17:30  Viking x2  
  84  17:37  SCV x3  
  90  17:43  Medivac x2  
  95  17:48  Factory Reactor, Missile Turret  
  95  17:55  Marine  
  98  17:58  Command Center, SCV  
  58  18:33  Marine x10  
  48  18:50  Marine  
  48  18:51  Marine x9  
  48  18:53  Command Center  
  56  18:57  SCV  
  56  18:58  SCV x2  
  56  19:01  SCV  
  57  19:05  Orbital Command  
  58  19:10  SCV x3  
  58  19:13  SCV  
  61  19:22  SCV x2  
Tags
 
Add a new tag
Caveats
  • Supply blocks, unpowered buildings, or Contaminate may cause inaccurate times.
  • Supply counts are checked every 10 seconds.